 Dungeon Crawl Stone Soup version 0.25.0-3-gd7cc5688da (webtiles) character file.

Game seed: 2402728620729252769

2274 Lanoc the Cleaver (level 9, -12/63 HPs)
             Began as an Octopode Berserker on June 15, 2020.
             Was a Priest of Trog.
             Mangled by a seven-headed hydra (16 damage)
             ... on level 7 of the Dungeon.
             The game lasted 00:07:59 (6636 turns).

Lanoc the Cleaver (Octopode Berserker)              Turns: 6636, Time: 00:08:00

Health: -12/63     AC:  1    Str: 17    XL:     9   Next: 39%
Magic:  9/9        EV: 17    Int:  9    God:    Trog [***...]
Gold:   471        SH:  0    Dex: 14    Spells: 8/8 levels left

rFire    . . .     SeeInvis +   a - +0 hand axe
rCold    . . .     Gourm    .   (no shield)
rNeg     . . .     Faith    .   (helmet restricted)
rPois    .         Spirit   .   z - amulet of magic regeneration
rElec    .         Reflect  .   i - ring of see invisible
rCorr    .         Harm     .   (no ring)
MR       .....                  (no ring)
Stlth    ++........             (no ring)
HPRegen  0.20/turn              (no ring)
MPRegen  0.36/turn              (no ring)
                                (no ring)
                                (no ring)

@: berserk cooldown, slowed, very slow
A: almost no armour, stealthy swim, amphibious, 8 rings, constrict 8, camouflage
1, gelatinous body 1
a: Berserk, Trog's Hand, Renounce Religion


You were on level 7 of the Dungeon.
You worshipped Trog.
Trog was most pleased with you.
You were hungry.

You visited 2 branches of the dungeon, and saw 8 of its levels.
You also visited: Ossuary.

You collected 471 gold pieces.

Inventory:

Hand Weapons
 a - a +0 hand axe (weapon)
 k - a +2 quarterstaff of chaos
 A - a cursed +2 battleaxe
 B - a cursed +3 war axe
Jewellery
 i - a ring of see invisible (left tentacle)
 z - an amulet of magic regeneration (around mantle)
Wands
 y - a wand of flame (22)
Scrolls
 b - 10 scrolls of identify {unknown}
 e - 2 scrolls of remove curse
 m - a scroll of blinking {unknown}
 o - 2 scrolls of fear {unknown}
 s - 2 scrolls of teleportation {unknown}
 t - 3 scrolls of magic mapping {unknown}
 u - a scroll of immolation {unknown}
 w - 2 scrolls of noise {unknown}
 C - a scroll of enchant armour {unknown}
Potions
 c - a potion of degeneration {unknown}
 f - 6 potions of curing
 h - a potion of might
 j - a potion of resistance {unknown}
 l - 3 potions of lignification {unknown}
 n - 2 potions of brilliance {unknown}
 p - 2 potions of haste {unknown}
 q - 3 potions of stabbing {unknown}
 r - 2 potions of cancellation {unknown}
 x - 2 potions of berserk rage {unknown}
 D - a potion of mutation {unknown}
Comestibles
 v - 3 rations


   Skills:
 + Level 6.8 Fighting
 * Level 9.2 Axes
 + Level 6.8 Dodging


You had 8 spell levels left.
You didn't know any spells.
Your spell library was empty.

Dungeon Overview and Level Annotations

Branches:
Dungeon (7/15)             Temple (1/1) D:5         Ossuary (visited)

Altars:
Cheibriados
Elyvilon
Kikubaaqudgha
Nemelex Xobeh
Okawaru
Sif Muna
Uskayaw
Vehumet
Xom


Innate Abilities, Weirdness & Mutations

You cannot wear most types of armour.
You are very stealthy in the water. (Stealth+)
You are amphibious.
You can wear up to eight rings at the same time.
You can use your tentacles to constrict eight enemies at once.
Your skin changes colour to match your surroundings (Stealth+).
Your rubbery body absorbs attacks. (AC +1, EV +1)


Message History

You are exhausted.
You feel yourself slow down.
Throwing (i - inventory)
g - 2 curare-tipped darts (quivered)
Press: ? - help, Shift-Dir - straight line, f/p - seven-headed hydra
Aim: a seven-headed hydra (lightly wounded)
You throw a curare-tipped dart.
The curare-tipped dart hits the seven-headed hydra.
The seven-headed hydra is lightly wounded.
Throwing (i - inventory)
g - a curare-tipped dart (quivered)
Press: ? - help, Shift-Dir - straight line, f/p - seven-headed hydra
Aim: a seven-headed hydra (lightly wounded)
You throw a curare-tipped dart.
The curare-tipped dart hits the seven-headed hydra.
The seven-headed hydra is lightly wounded.
The seven-headed hydra bites you!
* * * LOW HITPOINT WARNING * * *
The seven-headed hydra closely misses you.
The seven-headed hydra completely misses you.
The seven-headed hydra bites you!
You die...

#..(...........#
#..............#
#...(........#
#....s......# ###
#.........## ###.#
#..........#####...#
##.....#s...##.....#
#...###D##........#
#..# #.@##........#
### #.##.........#
#.# ##........### #.
##.........### .#
#.......##..## #.
###.....###... .#
##....# ###. #.
###..# ## #### #


You could see a seven-headed hydra and a scorpion.

Vanquished Creatures
  Joseph (D:7)
  Grinder (D:5)
  A hungry ghost (D:7)
  Duvessa (D:5)
  An ice beast (D:5)
  2 sky beasts
  2 centaurs
  A bullfrog (D:6)
  A big kobold (D:7)
  A scorpion (D:7)
  Dowan (D:5)
  3 wights (D:6)
  A howler monkey (D:7)
  3 crimson imps
  2 hounds
  A bullfrog zombie (D:7)
  Crazy Yiuf (D:3)
  An orc priest (D:7)
  2 orc wizards
  A centaur skeleton (D:4)
  2 iguanas
  2 worker ants
  2 big kobold zombies (Ossuary)
  8 mummies (Ossuary)
  6 adders
  A shadow imp (D:6)
  An ooze (D:3)
  A worm (D:3)
  A dart slug (D:3)
  3 leopard geckos
  15 orcs
  3 bats
  A giant cockroach (D:4)
  3 gnoll zombies (Ossuary)
  3 goblins
  A hobgoblin (D:3)
  5 jackals
  A ball python (D:5)
  2 frilled lizards
  A jackal zombie (D:7)
  5 kobolds
  3 orc zombies (Ossuary)
  A quokka skeleton (D:5)
  6 rats (D:3)
105 creatures vanquished.

Notes
Turn   | Place    | Note
-------+----------+-------------------------------------------
     0 | D:1      | Lanoc the Octopode Berserker began the quest for the Orb.
     0 | D:1      | Reached XP level 1. HP: 16/16 MP: 1/1
    30 | D:2      | Reached XP level 2. HP: 16/21 MP: 2/2
   514 | D:3      | Reached XP level 3. HP: 25/26 MP: 3/3
   965 | D:3      | Found a snail-covered altar of Cheibriados.
  1021 | D:3      | Reached skill level 4 in Axes
  1021 | D:3      | Reached XP level 4. HP: 31/31 MP: 4/4
  1091 | D:3      | Reached ** piety under Trog
  1475 | D:3      | Found a runed translucent door.
  1476 | D:3      | Noticed Crazy Yiuf
  1488 | D:3      | Killed Crazy Yiuf
  1636 | D:4      | Reached XP level 5. HP: 15/37 MP: 5/5
  1780 | D:4      | Found a sand-covered staircase.
  1785 | Ossuary  | Entered an ossuary
  2064 | Ossuary  | Reached skill level 5 in Axes
  2064 | Ossuary  | Reached XP level 6. HP: 43/43 MP: 6/6
  3219 | D:5      | Entered Level 5 of the Dungeon
  3221 | D:5      | Found a white marble altar of Elyvilon.
  3232 | D:5      | Reached XP level 7. HP: 49/49 MP: 7/7
  3275 | D:5      | Found a staircase to the Ecumenical Temple.
  3289 | Temple   | Entered the Ecumenical Temple
  3343 | D:5      | Noticed Grinder
  3373 | D:5      | Killed Grinder
  3373 | D:5      | Reached skill level 6 in Axes
  3614 | D:5      | Reached skill level 5 in Fighting
  3614 | D:5      | Reached skill level 5 in Dodging
  4238 | D:5      | Found a shimmering altar of Xom.
  4238 | D:5      | Noticed Duvessa
  4239 | D:5      | Noticed Dowan
  4251 | D:5      | Killed Dowan
  4251 | D:5      | Reached XP level 8. HP: 55/55 MP: 8/8
  4257 | D:5      | Killed Duvessa
  4257 | D:5      | Reached skill level 7 in Axes
  4810 | D:6      | Found a hide-covered altar of Uskayaw.
  4812 | D:6      | Found a shimmering blue altar of Sif Muna.
  5075 | D:6      | Found an iron altar of Okawaru.
  5289 | D:6      | Reached skill level 8 in Axes
  5292 | D:6      | Reached *** piety under Trog
  5641 | D:6      | Found a radiant altar of Vehumet.
  5691 | D:7      | Noticed Joseph
  5703 | D:7      | HP: 3/85 [Joseph/+0 quarterstaff (11)]
  5707 | D:7      | Killed Joseph
  5707 | D:7      | Reached XP level 9. HP: 4/63 MP: 9/9
  6164 | D:7      | Reached skill level 9 in Axes
  6620 | D:7      | Noticed a four-headed hydra
  6636 | D:7      | Mangled by a seven-headed hydra

Illustrated notes

Levels and vault maps discovered:
D:1:      shiori_arrival_maze, layout_loops_ring
D:2:      minmay_skewed_foursquare, layout_basic, nicolae_ashenzari_panopticon,
          kennysheep_cross_room, grunt_decor_one_mirror, st_stairs_14,
          minmay_distorted
D:3:      layout_loops_cross, cheibriados_altar_1, corexii_shack,
          kennysheep_crisscross, uniq_crazy_yiuf_cottage
D:4:      layout_gridville, nicolae_ossuary_entry_plus, first_ration
D:5:      layout_loops_ring, elyvilon_altar_4, minmay_temple_entry_junction_2,
          lemuel_altar_in_water, uniq_grinder, uniq_duvessa
D:6:      layout_loops_ring, okawaru_trees_2, kennysheep_mini_moat,
          chequers_temple_overflow_statue_of_worship
D:7:      layout_cave_pods, basic_altar, uniq_joseph
Temple:   nicolae_temple_hex_pool

Skill      XL: |  1  2  3  4  5  6  7  8  9 |
---------------+----------------------------+-----
Axes           | 4 5 6 8 9 |  9.2
Fighting       | 4 5 6 |  6.8
Dodging        | 4 5 6 |  6.8

Action                   |  1- 3 |  4- 6 |  7- 9 || total
-------------------------+-------+-------+-------++-------
Melee: Hand axe          |    41 |   105 |   129 ||   275
       Constrict         |    14 |    27 |    24 ||    65
       Tentacles         |     6 |    23 |    42 ||    71
Throw: Dart              |       |       |    10 ||    10
Invok: Berserk           |     2 |     4 |    11 ||    17
  Use: Scroll            |       |     1 |       ||     1
       Potion            |       |       |     4 ||     4
 Stab: Sleeping          |     6 |     4 |     1 ||    11
  Eat: Chunk             |     2 |     4 |    11 ||    17
       Ration            |       |     2 |     3 ||     5
Armor: Skin              |     5 |     8 |     2 ||    15
Dodge: Dodged            |    24 |    54 |    89 ||   167
